 Dungeon Crawl Stone Soup version 0.28.0 (webtiles) character file.

Game seed: 17544153883417048759

917 AmazingTV the Skirmisher (level 7, -1/103 HPs)
             Began as a Minotaur Fighter on July 14, 2022.
             Succumbed to a killer bee's poison
             ... on level 5 of the Dungeon.
             The game lasted 00:10:05 (3888 turns).

AmazingTV the Skirmisher (Minotaur Fighter)         Turns: 3888, Time: 00:10:06

Health: -1/103     AC:  8    Str: 19 (22) XL:     7   Next: 83%
Magic:  2/2        EV:  9    Int:  8 (10) God:
Gold:   213        SH:  5    Dex:  8 (10) Spells: 6/6 levels left

rFire   . . .      SeeInvis .   a - +7 hand axe of Ymuloqeo {antimagic, Drain +Blink Int+5, axe}
rCold   . . .      Faith    .   c - +0 buckler
rNeg    . . .      Spirit   .   b - +0 scale mail
rPois   .          Reflect  .   (helmet restricted)
rElec   .          Harm     .   (no cloak)
rCorr   .          Rampage  .   (no gloves)
Will    .....                   x - +0 pair of boots
Stlth   ..........              (no amulet)
HPRegen 0.27/turn               (no ring)
MPRegen 0.08/turn               (no ring)

@: brilliant, berserking, lethally poisoned (-1 -> -17), attractive, very quick
A: horns 2, retaliatory headbutt, robust 1, subdued magic 1
a: Evoke Blink


You were on level 5 of the Dungeon.
You visited 1 branch of the dungeon, and saw 5 of its levels.

You collected 213 gold pieces.


Innate Abilities, Weirdness & Mutations

You have a pair of horns on your head.
You reflexively headbutt those who attack you in melee.
You are robust. (+10% HP)
Your spells are a little easier to cast, but a little less powerful.


   Skills:
 + Level 6.0 Fighting
 + Level 5.3 Axes
 + Level 3.7 Throwing
 + Level 5.9 Armour
 + Level 6.0 Shields


You had 6 spell levels left.
You didn't know any spells.
Your spell library contained the following spells:

 Spells                   Type           Power      Damage    Failure   Level
 Freeze                   Ice            0%         1d3       80%         1
 Slow                     Hex            0%         N/A       80%         1
 Confusing Touch          Hex            0%         N/A       99%         3
 Frozen Ramparts          Ice            0%         1d2       99%         3
 Vampiric Draining        Necr           0%         2d6       99%         3
 Hailstorm                Conj/Ice       0%         3d3       100%        4

Inventory:

Hand Weapons
 a - the +7 hand axe of Ymuloqeo (weapon) {antimagic, Drain +Blink Int+5, axe}
   (You found it on level 2 of the Dungeon)

   It reduces the magical energy of the wielder, and disrupts the spells and
   magical abilities of those it strikes.
   Natural abilities and divine invocations are not affected.
   Int:       It affects your intelligence (+5).
   +Blink:    It lets you blink.
   Drain:     It drains your maximum health when unequipped.
 p - a +0 war axe {axe}
Missiles
 e - 4 atropa-tipped darts
 f - 102 stones
 g - 57 arrows
 l - 6 javelins
 n - 18 sling bullets
 r - 24 bolts
 t - 5 poisoned darts (quivered)
Armour
 b - a +0 scale mail (worn)
 c - a +0 buckler (worn)
 x - a +0 pair of boots (worn)
   (You found it on level 4 of the Dungeon)
Magical Staves
 C - a staff of conjuration {!astaff}
   (You found it on level 5 of the Dungeon)
Jewellery
 B - a ring of ice
   (You found it on level 4 of the Dungeon)
Scrolls
 j - 3 scrolls of magic mapping {unknown}
 k - 2 scrolls of brand weapon {unknown}
 o - 2 scrolls of identify {unknown}
 v - a scroll of blinking {unknown}
 y - a scroll of teleportation {unknown}
 A - a scroll of immolation {unknown}
 D - a scroll of enchant weapon {unknown}
Potions
 d - a potion of might
 i - 2 potions of brilliance
 m - a potion of ambrosia
 w - a potion of curing {unknown}
 z - a potion of degeneration {!q}

Dungeon Overview and Level Annotations

Branches:
Dungeon (5/15)
 Temple: D:4-7

Altars:
Cheibriados
Ru
Sif Muna

Shops:
D:2

( ......................####.#
#.# ...#...#...#...###.#..####.#
#.#
..................#.....##.####.#
...#...#...#...###.#............#
...................†..#.##.######
################...#.......#
#...# #.#############
#####...###### #.# #.....#
.............###@# ###.....#
.............Z##†# #.......#
.............y..Z# #.#.....#
####...)#..##.##.....# #.....#
#....#..##..........###<..#
#....#..#####.###.#####...###
#....#..# #.# # #.......##
####....#... ..# #.........
#..†......### ### #.......##


You could see a centaur skeleton.


Message History

* * * LOW HITPOINT WARNING * * *
You are more poisoned.
The killer bee poisons you! The killer bee closely misses you.
You furiously retaliate!
You headbutt the killer bee!
You kill the killer bee! 😨 HP[-1]
You take 1 damage, and now have 21/62 hp.
You miss the killer bee.
You feel very sick. You block the killer bee's attack.
The killer bee stings you but does no damage.
The killer bee barely misses you. 😨 HP[-4]
You take 4 damage, and now have 17/62 hp.
You slash the killer bee! Your headbutt misses the killer bee.
You feel very sick.
The killer bee barely misses you. x2 😱 HP[-3]
You take 3 damage, and now have 14/62 hp.
You slash the killer bee!
You kill the killer bee!
You feel sick. The killer bee closely misses you. You furiously retaliate!
You headbutt the killer bee. 😱 HP[-2]
You take 2 damage, and now have 12/62 hp.
It was a potion of degeneration.
There was something very wrong with that liquid.
You feel weakened.
You feel dopey.
You feel clumsy.
You feel sick. The killer bee stings you.
* * * LOW HITPOINT WARNING * * *
The killer bee stings you but does no damage. 😱 HP[-4]
You take 4 damage, and now have 8/62 hp.
You feel much better.
You feel sick. The killer bee stings you.
* * * LOW HITPOINT WARNING * * *
You are more poisoned.
The killer bee poisons you!
The killer bee stings you but does no damage. 😨 HP[+16]
You regained 16 hp, and now have 24/62 hp.
You hit the killer bee. You headbutt the killer bee.
You feel sick.
The killer bee stings you but does no damage.
The killer bee stings you.
* * * LOW HITPOINT WARNING * * *
You are more poisoned.
The killer bee poisons you! The killer bee stings you.
* * * LOW HITPOINT WARNING * * *
You are lethally poisoned!
The killer bee poisons you! 😨 HP[-6]
You take 6 damage, and now have 18/62 hp.
It was a potion of mutation.
You feel extremely strange.
Your connection to magic feels subdued.
You feel robust.
* * * LOW HITPOINT WARNING * * *
You feel very sick. The killer bee barely misses you. You furiously retaliate!
You headbutt the killer bee!
You kill the killer bee!
Your Fighting skill increases to level 6!
Your Shields skill increases to level 6! 😱 HP[-5]
You now have 69 max hp (+7).
It was a potion of attraction.
You feel attractive to monsters.
* * * LOW HITPOINT WARNING * * *
You feel very sick. 😱 HP[-4]
You take 4 damage, and now have 9/69 hp.
It was a potion of berserk rage.
A red film seems to cover your vision as you go berserk!
You feel yourself moving faster!
You feel mighty!
* * * LOW HITPOINT WARNING * * *
You feel very sick.
The killer bee stings you but does no damage.
The killer bee stings you.
* * * LOW HITPOINT WARNING * * *
You are more poisoned.
The killer bee poisons you!
You now have 103 max hp (+34).
You are too berserk!
You slash the killer bee!
* * * LOW HITPOINT WARNING * * *
You feel very sick. The killer bee stings you.
* * * LOW HITPOINT WARNING * * *
You are more poisoned.
The killer bee poisons you! 😱 HP[-4]
You take 4 damage, and now have 5/103 hp.
You barely miss the killer bee.
* * * LOW HITPOINT WARNING * * *
You feel very sick.
The killer bee stings you but does no damage.
The killer bee barely misses you. 😱 HP[-3]
You take 3 damage, and now have 2/103 hp.
Unknown command.
You slash the killer bee!
You kill the killer bee!
You die...

Skill      XL: |  1  2  3  4  5  6  7 |
---------------+----------------------+-----
Throwing       | 1 2 3 |  3.7
Armour         | 4 5 |  5.9
Fighting       | 4 5 6 |  6.0
Shields        | 4 5 6 |  6.0
Axes           | 3 4 5 |  5.3

Action                   |  1- 3 |  4- 6 |  7- 9 || total
-------------------------+-------+-------+-------++-------
Melee: War axe           |    70 |       |       ||    70
       Headbutt          |     7 |     8 |     2 ||    17
       Hand axe          |    17 |    78 |    21 ||   116
Throw: Dart              |     4 |       |     5 ||     9
  Use: Potion            |       |       |     8 ||     8
Armor: Scale mail        |    43 |    32 |    24 ||    99
Dodge: Dodged            |    40 |    31 |    22 ||    93
Block: Buckler           |    23 |    16 |     6 ||    45

Levels and vault maps discovered:
D:1:      eino_arrival_water_star, layout_loops_ring,
          hellmonk_ecumenical_altar_prayer_group
D:2:      minmay_angry_zag, layout_basic, serial_shops, shop,
          chequers_serial_rivers_micro_e, uniq_sigmund
D:3:      layout_loops_ring, mainiacjoe_overflow_chevrons, marbit_many_paths,
          grunt_decor_resistance
D:4:      layout_rooms
D:5:      layout_loops_cross, okawaru_altar_gauntlet_db,
          lemuel_coloured_pillars_altar, zin_scriptorium,
          minmay_temple_entry_offerings

Notes
Turn   | Place    | Note
-------+----------+-------------------------------------------
     0 | D:1      | AmazingTV the Minotaur Fighter began the quest for the Orb.
     0 | D:1      | Reached XP level 1. HP: 19/19 MP: 0/0
     0 | D:1      | magus.rc [v1.9.6]
   207 | D:1      | Reached XP level 2. HP: 27/27 MP: 1/1
   651 | D:1      | Found a faded altar of an unknown god.
   654 | D:1      | Reached skill level 1 in Throwing
   654 | D:1      | Reached skill level 4 in Armour
   674 | D:1      | Reached skill level 4 in Fighting
   700 | D:1      | Reached XP level 3. HP: 33/33 MP: 2/2
   720 | D:1      | Reached skill level 4 in Shields
  1049 | D:2      | Reached skill level 3 in Axes
  1219 | D:2      | Identified the +7 hand axe of Ymuloqeo {antimagic, Drain
                  | +Blink Int+5}
  1294 | D:2      | Found Fiteg Pakh's Antique Weapon Shoppe.
  1373 | D:2      | Noticed Sigmund
  1383 | D:2      | magus.rc [v1.9.6]
  1387 | D:2      | Killed Sigmund
  1388 | D:2      | Reached skill level 2 in Throwing
  1388 | D:2      | Reached XP level 4. HP: 19/41 MP: 1/3
  1388 | D:2      | Reached XP level 5. HP: 22/47 MP: 1/4
  2229 | D:3      | You pick up a book of Frost and begin reading...
  2229 | D:3      | You add the spells Freeze, Frozen Ramparts and Hailstorm to
                  | your library.
  2482 | D:3      | Found a sacrificial altar of Ru.
  2576 | D:3      | Reached skill level 4 in Axes
  2580 | D:3      | Reached XP level 6. HP: 42/55 MP: 1/5
  2705 | D:3      | Found a shimmering blue altar of Sif Muna.
  2992 | D:4      | Reached skill level 5 in Shields
  2993 | D:4      | Reached skill level 5 in Fighting
  3000 | D:4      | Reached skill level 5 in Armour
  3223 | D:4      | Reached skill level 3 in Throwing
  3232 | D:4      | Reached XP level 7. HP: 32/61 MP: 2/6
  3638 | D:5      | Entered Level 5 of the Dungeon
  3652 | D:5      | Reached skill level 5 in Axes
  3664 | D:5      | You pick up a book of Debilitation and begin reading...
  3664 | D:5      | You add the spells Slow, Vampiric Draining and Confusing
                  | Touch to your library.
  3807 | D:5      | Found a snail-covered altar of Cheibriados.
  3867 | D:5      | HP: 15/62 [poisoned by a killer bee]
  3878 | D:5      | HP: 14/62 [poisoned by a killer bee]
  3883 | D:5      | Gained mutation: Your spells are a little easier to cast,
                  | but a little less powerful. [potion of mutation]
  3883 | D:5      | Gained mutation: You are robust. (+10% HP) [potion of
                  | mutation]
  3883 | D:5      | HP: 13/68 [poisoned by a killer bee]
  3884 | D:5      | Reached skill level 6 in Fighting
  3884 | D:5      | Reached skill level 6 in Shields
  3886 | D:5      | HP: 6/103 [poisoned by a killer bee]
  3887 | D:5      | HP: 2/103 [poisoned by a killer bee]
  3888 | D:5      | Succumbed to a killer bee's poison

Vanquished Creatures
  Sigmund (D:2)
  A necrophage (D:4)
  An ogre (D:5)
  A gnoll sergeant (D:4)
  4 killer bees (D:5)
  A howler monkey (D:4)
  3 hounds (D:4)
  2 iguanas
  2 orc wizards (D:3)
  5 gnolls (D:4)
  2 adders
  An ufetubus (D:4)
  2 dart slugs
  4 orcs
  7 ball pythons
  5 bats
  12 endoplasms
  4 giant cockroaches
  9 goblins
  8 hobgoblins
  3 jackals (D:2)
  6 kobolds
  3 quokkas
  5 frilled lizards
  2 rats
94 creatures vanquished.

Table legend:
 A = Non-vault XP
 B = Vault XP
 C = Vault XP percentage of total XP
 D = Non-vault monster count
 E = Vault monster count
 F = Vault count percentage of total count
                 A         B        C        D         E       F
            +---------+---------+-------+---------+---------+-------
      Total |    1138 |     235 |  17.1 |      89 |       5 |   5.3
            +---------+---------+-------+---------+---------+-------
        D:1 |      47 |       2 |   4.1 |      25 |       1 |   3.8
        D:2 |      37 |     231 |  86.2 |      21 |       3 |  12.5
        D:3 |     101 |       2 |   1.9 |      13 |       1 |   7.1
        D:4 |     527 |       0 |   0.0 |      23 |       0 |   0.0
        D:5 |     426 |       0 |   0.0 |       7 |       0 |   0.0
            +---------+---------+-------+---------+---------+-------

Illustrated notes

Table legend:
 A = Kills in this place as a percentage of kills in entire the game.
 B = Kills by you in this place as a percentage of kills by you in the entire game.
 C = Kills by friends in this place as a percentage of kills by friends in the entire game.
 D = Other kills in this place as a percentage of other kills in the entire game.
 E = Experience gained in this place as a percentage of experience gained in the entire game.
 F = Experience gained in this place divided by the number of levels of this place that you have seen.
                   A       B       C       D       E      F
               +-------+-------+-------+-------+-------+----------------------
         Total | 100.0 | 100.0 |   N/A |   N/A | 100.0 | 274.6
       Dungeon | 100.0 | 100.0 |   N/A |   N/A | 100.0 | 274.6
               +-------+-------+-------+-------+-------+----------------------

Table legend: (Time is in decaauts)
 A = Elapsed time spent in this place.
 B = Non-inter-level travel time spent in this place.
 C = Inter-level travel time spent in this place.
 D = Time resting spent in this place.
 E = Time spent auto-exploring this place.
 F = Levels seen in this place.
 G = Mean time per level.
                   A        B        C        D        E       F      G
               +--------+--------+--------+--------+--------+-----+--------+
         Total |   3929 |   3840 |     89 |    420 |   2846 |   5 |  785.8 |
       Dungeon |   3929 |   3840 |     89 |    420 |   2846 |   5 |  785.8 |
               +--------+--------+--------+--------+--------+-----+--------+

Top non-repeatable levels by time:
     D:2: 1151 daAuts
     D:1: 1054 daAuts
     D:3: 808 daAuts
     D:4: 665 daAuts
     D:5: 249 daAuts
